 Dungeon Crawl Stone Soup version 0.18-a0-1497-g788d838 (webtiles) character file.

121 milladamen the Digger (level 5, -1/28 HPs)
             Began as a Gargoyle Earth Elementalist on Mar 4, 2016.
             Slain by a worm (3 damage)
             ... on level 4 of the Dungeon.
             The game lasted 00:24:15 (2429 turns).

milladamen the Digger (Gargoyle Earth Elementalist) Turns: 2429, Time: 00:24:15

Health: -1/28      AC:  8    Str: 11    XL:     5   Next: 5%
Magic:  2/10       EV: 12    Int: 17    God:
Gold:   202        SH:  0    Dex: 10    Spells: 2 memorised, 7 levels left

rFire  . . .     SeeInvis .     o - +4 quarterstaff (chaos)
rCold  . . .     Gourm    .     a - +0 robe
rNeg   + . .     Faith    .     (shield currently unavailable)
rPois  ∞         Spirit   .     (no helmet)
rElec  +         Dismiss  .     p - +0 cloak
rCorr  .         Reflect  .     h - +0 pair of gloves
SustAt .         Harm     .     (no boots)
MR     .....                    (no amulet)
Stlth  ++........               (no ring)
                                (no ring)

@: not resistant to hostile enchantments, unstealthy
A: negative energy resistance 1, electricity resistance, unbreathing,
petrification resistance, rot immunity, AC +4
a: no special abilities


You were on level 4 of the Dungeon.
You were hungry.

You visited 1 branch of the dungeon, and saw 4 of its levels.

You collected 202 gold pieces.

Inventory:

Hand Weapons
 f - a +0 dagger
 o - a +4 quarterstaff of chaos (weapon)
Missiles
 b - 148 stones (quivered)
Armour
 a - a +0 robe (worn)
 h - a +0 pair of gloves (worn)
 p - a +0 cloak (worn)
Scrolls
 e - 3 scrolls of identify {unknown}
 g - a scroll of fog {unknown}
 k - a scroll of recharging {unknown}
 l - a scroll of enchant weapon {unknown}
 m - 2 scrolls of amnesia {unknown}
 s - a scroll of random uselessness {unknown}
 t - a scroll of noise {unknown}
 u - a scroll of remove curse {unknown}
 x - a scroll of teleportation {unknown}
 y - 3 scrolls of blinking {unknown}
Potions
 i - a potion of resistance {unknown}
 j - 2 potions of heal wounds {unknown}
 n - a potion of mutation {unknown}
 q - 2 potions of invisibility {unknown}
 r - a potion of lignification {unknown}
 w - a potion of berserk rage {unknown}
 z - a potion of ambrosia {unknown}
Books
 c - a book of Geomancy

   Spells                             Type                      Level
   a - Sandblast                      Earth                        1
   b - Passwall                       Transmutation/Earth          2
   c - Stone Arrow                    Conjuration/Earth            3
   d - Petrify                        Transmutation/Earth          4
   e - Lee's Rapid Deconstruction     Earth                        5
Comestibles
 d - 3 bread rations
 v - a beef jerky


   Skills:
 - Level 1.5 Dodging
 - Level 2.1 Stealth
 * Level 3.9 Spellcasting
 + Level 0.9 Conjurations
   Level 0.7 Transmutations
 + Level 4.6 Earth Magic


You had 7 spell levels left.
You knew the following spells:

 Your Spells              Type           Power        Failure   Level  Hunger
a - Sandblast             Erth           ###...       2%          1    None
b - Stone Arrow           Conj/Erth      ##....       17%         3    ###....


Dungeon Overview and Level Annotations

Branches:
Dungeon (4/15)
 Temple: D:4-7

Altars:
Cheibriados
Elyvilon
Gozag
Makhleb
Nemelex Xobeh
Pakellas

Annotations:
D:3 Terence


Innate Abilities, Weirdness & Mutations

You are resistant to torment.
Your stone body is resilient (AC +4).
You are immune to poison.
You resist negative energy.
You are resistant to electric shocks.
You can survive without breathing.
You are immune to petrification.
You are immune to rotting.


Message History

Casting: Sandblast
Confirm with . or Enter, or press ? or * to list all spells.
Aiming: Sandblast
Press: ? - help, Shift-Dir - straight line, f/p - worker ant
Aim: a worker ant (heavily wounded, fast)
The blast of sand hits the worker ant.
The worker ant is heavily wounded.
The worker ant closely misses you. The worker ant bites you.
* * * LOW HITPOINT WARNING * * *
The worm barely misses you.
Casting: Sandblast
Confirm with . or Enter, or press ? or * to list all spells.
Aiming: Sandblast
Press: ? - help, Shift-Dir - straight line, f/p - worker ant
Aim: a worker ant (heavily wounded, fast)
The blast of sand hits the worker ant.
The worker ant is severely wounded.
The worker ant barely misses you. The worker ant misses you.
The worm bites you.
You die...

#.#.####...
#.......!.#
#.........#
######........#
..............###
............<...#
.?..............+
.$....w.....†...#
..(...a@........#
..$.............#
................#
...........[....#
...#<####.......#
.. ## ###.....# .
#.....# #######


You could see a worm and a worker ant.

Vanquished Creatures
  Crazy Yiuf (D:2)
  2 adders (D:3)
  An adder skeleton (D:4)
  A worm (D:2)
  A dart slug (D:1)
  A giant gecko (D:1)
  4 orcs
  2 ball pythons
  A giant cockroach (D:2)
  10 goblins
  5 hobgoblins
  2 quokkas
  9 bats
  6 giant newts
  7 kobolds
  10 rats
63 creatures vanquished.

Notes
Turn   | Place    | Note
--------------------------------------------------------------
     0 | D:1      | milladamen the Gargoyle Earth Elementalist began the quest for the Orb.
     0 | D:1      | Reached XP level 1. HP: 10/10 MP: 3/3
   296 | D:1      | Reached XP level 2. HP: 15/15 MP: 3/5
   447 | D:1      | Reached skill level 4 in Earth Magic
   817 | D:2      | Reached XP level 3. HP: 19/19 MP: 1/7
   879 | D:2      | Noticed Crazy Yiuf
   889 | D:2      | Killed Crazy Yiuf
  1058 | D:2      | Reached XP level 4. HP: 18/24 MP: 2/9
  1642 | D:3      | Learned a level 3 spell: Stone Arrow
  1824 | D:3      | Found a white marble altar of Elyvilon.
  1824 | D:3      | Found a burning altar of Makhleb.
  1825 | D:3      | Found an oddly glowing altar of Pakellas.
  1866 | D:3      | Found a snail-covered altar of Cheibriados.
  2258 | D:3      | Found an opulent altar of Gozag.
  2259 | D:3      | Found a sparkling altar of Nemelex Xobeh.
  2264 | D:3      | Reached XP level 5. HP: 28/28 MP: 6/10
  2303 | D:3      | Noticed Terence
  2429 | D:4      | Slain by a worm

Vault maps used:
D:1:      dpeg_arrival_concentric_ovals
D:2:      first_bread, uniq_crazy_yiuf_cottage
D:3:      grunt_temple_overflow_opulence, nicolae_overflow_quartered_altars,
          guppyfry_early_orc_mine, uniq_terence
D:4:      grunt_temple_overflow_bloody_war,
          grunt_temple_overflow_growth_and_decay, minmay_temple_entry_fiery

Skill      XL: |  1  2  3 |
---------------+----------+-----
Earth Magic    | 4 |  4.6
Spellcasting   | 3 |  3.9
Dodging        | |  1.5
Stealth        | |  2.1
Conjurations   | |  0.9
Transmutations | |  0.7

Action                   |  1- 3 |  4- 6 || total
-------------------------+-------+-------++-------
Melee: Dagger            |     6 |       ||     6
       Quarterstaff      |     2 |    20 ||    22
 Cast: Sandblast         |    47 |    73 ||   120
  Eat: Chunk             |     1 |     3 ||     4
